 Dungeon Crawl Stone Soup version 0.30-a0-996-ga6910c8ee8 (webtiles) character file.

Game seed: 3561642121567814963

4819 jasper the Summoner (level 10, -1/68 HPs)
             Began as a Vampire Summoner on Apr 4, 2023.
             Was an Initiate of Ashenzari.
             Slain by a troll (9 damage)
             ... on level 9 of the Dungeon.
             The game lasted 00:13:15 (7493 turns).

jasper the Summoner (Vampire Summoner)              Turns: 7493, Time: 00:13:15

Health: -1/68      AC: 14    Str:  5 (7)  XL:     10   Next: 24%
Magic:  7/10       EV: 10    Int: 27      God:    Ashenzari [......]
Gold:   436        SH:  8    Dex: 13 (15) Spells: 10/21 levels left

rFire   . . .      SeeInvis +    f - +4 war axe (spect)
rCold   . . .      Faith    .    l - +0 kite shield of the Pangnostic Seeker {Cun, Fort} (curse)
rNeg    + + +      Spirit   .    g - +0 ring mail "Luidue" {Contam rElec rN+++ rCorr}
rPois   .          Reflect  .    (no helmet)
rElec   +          Rampage  .    e - +2 cloak
rCorr   +                        p - +0 pair of gloves
Will    +....                    j - +0 pair of boots
Stlth   ++                       (no amulet)
HPRegen 0.51/turn                i - ring of the Hurling King {MP-9 AC+4 Int+5 SInv}
MPRegen 0.12/turn                (no ring)

@: healing quickly
A: alive, fangs 3, see invisible, vampiric 2
a: Exsanguinate, Renounce Religion, Shatter the Chains


You were on level 9 of the Dungeon.
You worshipped Ashenzari.
Ashenzari was noncommittal.
You visited 2 branches of the dungeon, and saw 10 of its levels.

You collected 436 gold pieces.

Inventory:

Hand Weapons
 d - a +1 dagger of freezing
 f - a +4 spectral war axe (weapon)
Missiles
 u - 11 curare-tipped darts
 C - 6 javelins
Armour
 a - a +0 robe
 e - a +2 cloak (worn)
 g - the +0 ring mail "Luidue" (worn) {Contam rElec rN+++ rCorr}
   (You found it on level 2 of the Dungeon)

   rElec:     It insulates you from electricity.
   rN:        It renders you almost immune to negative energy.
   Contam:    It causes magical contamination when unequipped.
   rCorr:     It protects you from acid and corrosion.
 j - a +0 pair of boots (worn)
 l - the cursed +0 kite shield of the Pangnostic Seeker (worn) {Cun, Fort}
   (You found it on level 5 of the Dungeon)

   It has a curse which improves the following skills: Cunning: Dodging and
   Stealth.
   Fortitude: Armour and Shields.
 p - a +0 pair of gloves (worn)
 x - an orb of energy
Jewellery
 i - the ring of the Hurling King (left hand) {MP-9 AC+4 Int+5 SInv}
   (You found it on level 4 of the Dungeon)

   [ring of protection]

   AC:        It affects your AC (+4).
   Int:       It affects your intelligence (+5).
   MP:        It affects your magic capacity (-9).
   SInv:      It lets you see invisible.
 o - a ring of positive energy
 w - a ring of fire
Wands
 q - a wand of charming (3)
 v - a wand of digging (2)
 y - a wand of quicksilver (5)
 B - a wand of roots (10)
Scrolls
 h - a scroll of immolation
 k - a scroll of poison
 t - 2 scrolls of blinking
 I - a scroll of fear
Potions
 b - 4 potions of magic
 c - 6 potions of curing
 m - a potion of heal wounds
 n - 4 potions of ambrosia
 r - a potion of haste
 E - 2 potions of lignification
 F - a potion of flight {unknown}
 G - a potion of resistance {unknown}


   Skills:
 + Level 2.7 Fighting
 + Level 2.4(2.8) Armour
 + Level 11.0(11.4) Dodging
 - Level 3.0(3.3) Stealth
 + Level 1.7(2.0) Shields
 - Level 6.0 Spellcasting
 - Level 2.0 Hexes
 + Level 13.0 Summonings
 + Level 1.7 Air Magic


You had 10 spell levels left.
You knew the following spells:

 Your Spells              Type           Power      Damage    Failure   Level
a - Summon Small Mammal   Summ           100%       N/A       1%          1
c - Call Canine Familiar  Summ           68%        N/A       1%          3
d - Summon Guardian Gole  Hex/Summ       48%        N/A       13%         3
e - Summon Lightning Spi  Summ/Air       47%        N/A       41%         4

Your spell library contained the following spells:

 Spells                   Type           Power      Damage    Failure   Level
 Call Imp                 Summ           68%        N/A       1%          2
 Shock                    Conj/Air       48%        1d6       54%         1
 Poisonous Vapours        Pois/Air       24%        N/A       69%         2
 Cigotuvi's Dreadful Rot  Necr/Pois/Air  22%        N/A       75%         2
 Swiftness                Air            17%        N/A       80%         3
 Mephitic Cloud           Conj/Pois/Air  11%        N/A       92%         3
 Hailstorm                Conj/Ice       8%         3d4       95%         3
 Airstrike                Air            8%         2d(2-18)  99%         4
 Ice Form                 Ice/Tmut       8%         N/A       100%        4
 Simulacrum               Ice/Necr       4%         N/A       100%        6


Dungeon Overview and Level Annotations

Branches:
Dungeon (9/15)             Temple (1/1) D:7            Lair (0/5) D:9
    Orc (0/2) D:9

Altars:
Ashenzari
Cheibriados
Dithmenos
Fedhas
Gozag
Hepliaklqana
Kikubaaqudgha
Makhleb
Nemelex Xobeh
Okawaru
Qazlal
Ru
Sif Muna
Trog
Uskayaw
Vehumet
Wu Jian
Xom
Yredelemnul
Lugonu

Shops:
D:6 :   D:9 ([

Annotations:
D:6 1 runed translucent door
D:8 2 transporters
D:9 Psyche


Innate Abilities, Weirdness & Mutations

Your natural rate of healing is accelerated.
You have razor-sharp teeth.
You have supernaturally acute eyesight. (SInv)
You are afflicted with vampirism and can become a bat while bloodless.


Message History

You block the troll's attack. The troll claws you but does no damage.
You block the troll's attack.
You take 11 damage, and have 30/68 hp.
You closely miss the troll.
The troll is moderately wounded.
Your +4 spectral war axe hits the troll but does no damage.
The troll closely misses you. The troll claws you but does no damage.
The troll barely misses you.
You hit the troll.
The troll is moderately wounded.
Your +4 spectral war axe closely misses the troll.
The troll closely misses you.
The troll claws you but does no damage. x2
The troll bites you but does no damage. The troll barely misses you.
The troll misses you.
You closely miss the troll.
The troll is moderately wounded.
Your +4 spectral war axe barely misses the troll.
The troll bites you!
* * * LOW HITPOINT WARNING * * *
The troll claws you.
* * * LOW HITPOINT WARNING * * *
You block the troll's attack. x2; The troll claws you but does no damage. x2
You take 17 damage, and have 15/68 hp.
MASSIVE DAMAGE!!
You closely miss the troll.
The troll is lightly wounded.
Your +4 spectral war axe barely misses the troll.
The troll completely misses you. The troll claws you but does no damage.
The troll closely misses you.
Casting: Call Canine Familiar (safe; 1% risk of failure)
Press: ? - help, Q - select action, (/) - cycle Dir - look around, f - activate The troll bites you!
* * * LOW HITPOINT WARNING * * *
The troll barely misses you. The troll claws you but does no damage.
You take 8 damage, and have 7/68 hp.
You now have 7/10 mp.
You slash the troll!
The troll is moderately wounded.
Your +4 spectral war axe closely misses the troll.
Your wolf closely misses the troll.
The troll barely misses you. The troll claws you!
You die...

#...........#
#.# #..# #.#
###########.#
#.# #..# #.#
#.# #.# #..#
#.#
#.###.####..#
#.#
#...........#
#.#
#####.#####.#
#.# #.#
#(#####.#
#@Th...?#
#########


You could see a troll (ally target), a friendly +4 spectral war axe (summoned)
and a friendly wolf (summoned).

Vanquished Creatures
  Grinder (D:3)
  A troll (D:9)
  A shadow (D:8)
  A steam dragon (D:8)
  3 ice beasts (D:5)
  A black bear (D:5)
  An orc warrior (D:6)
  A centaur (D:7)
  Blork the orc (D:6)
  A necrophage (D:4)
  4 bullfrogs
  2 scorpions (D:6)
  A wight (D:8)
  2 howler monkeys
  5 electric eels
  2 hounds
  A jelly (D:4)
  2 iguanas
  3 sleepcaps
  3 orc wizards
  A hound skeleton (D:4)
  5 adders
  3 shadow imps
  2 white imps (D:7)
  2 ufetubi
  2 worms
  6 dart slugs
  23 orcs
  7 ball pythons
  4 endoplasms
  13 giant cockroaches (D:3)
  2 goblins
  2 hobgoblins
  3 jackals (D:1)
  12 kobolds
  3 quokkas
  2 bats (D:3)
  4 frilled lizards
  2 rats
  A butterfly (D:6)
136 creatures vanquished.

Vanquished Creatures (collateral kills)
  A two-headed ogre (D:9)
  A steam dragon (D:8)
  A water moccasin (D:5)
  A black bear (D:8)
  An ogre (D:6)
  A kobold brigand (D:6)
  8 scorpions
  2 wights (D:8)
  3 orc wizards
  A gnoll (D:8)
  4 adders
  An ufetubus (D:6)
  A worm (D:2)
  14 orcs
  A bat (D:2)
  An endoplasm (D:2)
  4 giant cockroaches
  A goblin (D:1)
  3 hobgoblins
  A jackal (D:1)
  A ball python (D:2)
  3 frilled lizards
  A kobold (D:3)
  2 rats
  A butterfly (D:6)
59 creatures vanquished.

Vanquished Creatures (others)
  An electric eel (D:7)
  An orc wizard (D:7)
  2 orcs (D:7)
  21 plants
25 creatures vanquished.

Grand Total: 220 creatures vanquished

Notes
Turn   | Place    | Note
-------+----------+-------------------------------------------
     0 | D:1      | jasper the Vampire Summoner began the quest for the Orb.
     0 | D:1      | Reached XP level 1. HP: 13/13 MP: 3/3
   324 | D:2      | Reached XP level 2. HP: 20/20 MP: 1/5
   329 | D:2      | Learned a level 2 spell: Call Imp
   450 | D:2      | HP: 1/20 [worm (9)]
   459 | D:2      | Reached skill level 1 in Fighting
   523 | D:2      | Noticed a scorpion
   530 | D:2      | Killed a scorpion
   531 | D:2      | Reached skill level 1 in Armour
   531 | D:2      | Gained mutation: You are afflicted with vampirism and can
                  | become a bat while bloodless. [Vampire growth]
   531 | D:2      | Reached XP level 3. HP: 13/26 MP: 1/6
   531 | D:2      | Reached XP level 4. HP: 16/32 MP: 1/7
   752 | D:2      | Identified the +0 ring mail "Luidue" {Contam rElec rN+++
                  | rCorr}
  1110 | D:2      | Found a faded altar of an unknown god.
  1386 | D:1      | Reached XP level 5. HP: 37/38 MP: 8/8
  1691 | D:1      | Reached skill level 12 in Summonings
  1691 | D:1      | Reached XP level 6. HP: 44/44 MP: 9/9
  1692 | D:1      | Reached skill level 10 in Dodging
  1692 | D:1      | Reached XP level 7. HP: 49/49 MP: 10/10
  1697 | D:1      | Learned a level 3 spell: Call Canine Familiar
  1701 | D:1      | Learned a level 3 spell: Summon Guardian Golem
  1870 | D:3      | Found a sparkling altar of Nemelex Xobeh.
  1872 | D:3      | Found a bloodstained altar of Trog.
  1934 | D:4      | Identified the ring of the Hurling King {MP-9 AC+4 Int+5
                  | SInv}
  2257 | D:4      | Found a burning altar of Makhleb.
  2404 | D:5      | Entered Level 5 of the Dungeon
  2793 | D:5      | Reached XP level 8. HP: 56/56 MP: 11/13
  3036 | D:5      | Found a large runed translucent door.
  3037 | D:5      | Found a large runed translucent door.
  3130 | D:6      | Noticed Blork the orc
  3138 | D:6      | Killed Blork the orc
  3236 | D:6      | Found Xoppei Pets's Self-Improvement Boutique.
  3491 | D:6      | Found a runed translucent door.
  3495 | D:6      | Found a runed translucent door.
  3748 | D:7      | Found an opulent altar of Gozag.
  3749 | D:7      | Found a stormy altar of Qazlal.
  3782 | D:7      | Reached skill level 5 in Spellcasting
  3863 | D:7      | Found an ancient bone altar of Kikubaaqudgha.
  4123 | D:7      | Reached XP level 9. HP: 56/61 MP: 16/16
  4126 | D:7      | Found a staircase to the Ecumenical Temple.
  4136 | Temple   | Entered the Ecumenical Temple
  5069 | D:8      | Reached skill level 1 in Hexes
  5174 | D:8      | Found a broken altar of Ashenzari.
  5268 | D:8      | Noticed an ancient zyme
  5269 | D:8      | Noticed a white ugly thing
  5335 | D:8      | Became a worshipper of Ashenzari the Shackled
  5608 | D:3      | Noticed Grinder
  5613 | D:3      | Paralysed by Grinder for 4 turns
  5621 | D:3      | Paralysed by Grinder for 3 turns
  5628 | D:3      | Killed Grinder
  5931 | D:3      | Learned a level 4 spell: Summon Lightning Spire
  5986 | D:3      | Found a shadowy altar of Dithmenos.
  6364 | D:5      | Found a blossoming altar of Fedhas.
  6374 | D:5      | Found a hazy altar of Hepliaklqana.
  6819 | D:6      | Reached skill level 1 in Shields
  6822 | D:6      | Reached skill level 1 in Air Magic
  6952 | D:8      | Found a transporter.
  6953 | D:8      | Noticed a red ugly thing
  6955 | D:8      | Found a corrupted altar of Lugonu.
  6955 | D:8      | Noticed a cyan ugly thing
  7077 | D:8      | Found a transporter.
  7259 | D:9      | Found a staircase to the Orcish Mines.
  7259 | D:9      | Noticed a two-headed ogre
  7260 | D:9      | Found Kushou Unio's Armour Boutique.
  7261 | D:9      | Found Kopsupp's Weapon Boutique.
  7270 | D:9      | Reached XP level 10. HP: 10/68 MP: 7/19
  7281 | D:9      | Found a staircase to the Lair.
  7283 | D:9      | Noticed Psyche
  7381 | D:9      | Killed a two-headed ogre
  7382 | D:9      | Reached skill level 13 in Summonings
  7493 | D:9      | Slain by a troll

Illustrated notes

Levels and vault maps discovered:
D:1:      shiori_shiawase, layout_loops_cross
D:2:      layout_loops_cross, ebering_ecumenical_altar_abandoned
D:3:      minmay_roachtagon, layout_loops_ring, marbit_many_paths,
          jmf_multi_god_temple, uniq_grinder
D:4:      layout_rooms, makhleb_blood_cavern_becter, serial_bayou_ford_a,
          serial_bayou_pond_e
D:5:      layout_basic, jmf_multi_god_temple2, serial_curves, eino_curves_03,
          eino_curves_03, minmay_misc_feat_rugged
D:6:      lemuel_insect_pit, layout_loops_corners, nicolae_shop_self_help,
          uniq_blork_the_orc
D:7:      layout_loops_ring, chequers_temple_overflow_statue_of_worship,
          minmay_temple_entry_sparse_star, serial_bayou, serial_bayou_pond_a,
          serial_bayou_lagoon_a, serial_bayou_crossing, serial_bayou_lake_a
D:8:      gammafunk_corrupted_shrine, layout_rooms, general_overflow_altar,
          kennysheep_diamond
D:9:      layout_loops_ring, dpeg_oklobed_lair, orc_david_3, uniq_psyche
Temple:   minmay_temple_curvy_loop

Skill      XL: |  1  2  3  4  5  6  7  8  9 10 |
---------------+-------------------------------+-----
Fighting       | 1 2 |  2.7
Armour         | 1 2 |  2.4
Dodging        | 3 10 11 | 11.0
Summonings     | 12 13 | 13.0
Spellcasting   | 3 5 6 |  6.0
Hexes          | 2 |  2.0
Shields        | 1 |  1.7
Air Magic      | 1 |  1.7
Stealth        | |  3.0

Action                     |  1- 3 |  4- 6 |  7- 9 | 10-12 || total
---------------------------+-------+-------+-------+-------++-------
  Melee: Dagger            |    32 |     9 |       |       ||    41
         Unarmed           |     3 |       |       |       ||     3
         Bite              |     2 |     3 |    38 |     4 ||    47
         Punch             |     1 |     2 |     4 |       ||     7
         War axe           |       |    36 |   251 |    20 ||   307
   Cast: Summon Small Mamm |    15 |     2 |       |       ||    17
         Call Imp          |     2 |     5 |       |       ||     7
         Call Canine Famil |       |       |    19 |     5 ||    24
         Summon Guardian G |       |       |     2 |       ||     2
 Invoke: Curse Item        |       |       |     1 |       ||     1
Ability: End Transformatio |       |       |     1 |       ||     1
         Bat Form          |       |       |     1 |       ||     1
         Exsanguinate      |       |       |     1 |       ||     1
         Revivify          |       |       |     1 |       ||     1
  Evoke: Wand              |       |       |     8 |       ||     8
    Use: Scroll            |       |     3 |    14 |       ||    17
         Potion            |       |     2 |       |     1 ||     3
   Stab: Sleeping          |     2 |     4 |     4 |       ||    10
         Distracted        |       |       |     1 |       ||     1
         Betrayed ally     |       |       |     1 |       ||     1
 Armour: Robe              |    16 |     2 |       |       ||    18
         Ring mail         |       |    22 |   142 |    24 ||   188
  Dodge: Dodged            |    16 |    26 |   233 |    32 ||   307
  Block: Kite shield       |       |       |     4 |    14 ||    18

Table legend: (Time is in decaauts)
 A = Elapsed time spent in this place.
 B = Non-inter-level travel time spent in this place.
 C = Inter-level travel time spent in this place.
 D = Time resting spent in this place.
 E = Time spent auto-exploring this place.
 F = Levels seen in this place.
 G = Mean time per level.
                   A        B        C        D        E       F      G
               +--------+--------+--------+--------+--------+-----+--------+
         Total |   7716 |   7105 |    611 |    184 |   5240 |  10 |  771.6 |
       Dungeon |   7489 |   6901 |    588 |    184 |   5042 |   9 |  832.1 |
        Temple |    226 |    203 |     23 |      0 |    198 |   1 |  226.0 |
               +--------+--------+--------+--------+--------+-----+--------+

Top non-repeatable levels by time:
     D:6: 1185 daAuts
     D:8: 993 daAuts
     D:2: 982 daAuts
     D:5: 976 daAuts
     D:7: 973 daAuts
     D:3: 843 daAuts
     D:1: 796 daAuts
     D:4: 540 daAuts
  Temple: 226 daAuts
     D:9: 196 daAuts
